 Dungeon Crawl Stone Soup version 0.32-a0-834-geaf45d8e21 (webtiles) character file.

Game seed: 5501643760442295143

206 Maxmaps the Magician (level 5, -12/36 HPs)
             Began as an Octopode Monk on Mar 26, 2024.
             Mangled by an ogre
             ... wielding a +0 giant spiked club
              (16 damage)
             ... on level 4 of the Dungeon.
             The game lasted 00:03:20 (2607 turns).

Maxmaps the Magician (Octopode Monk)                Turns: 2607, Time: 00:03:21

Health: -12/36     AC:  1    Str: 10    XL:     5   Next: 84%
Magic:  8/11       EV: 13    Int: 14    God:
Gold:   247        SH:  0    Dex: 15    Spells: 10/12 levels left

rFire   . .          .
                       - Unarmed
rCold   . . .        (no shield)
rNeg    . . .        (helmet restricted)
rPois   .            (no amulet)
rElec   .            (no ring)
rCorr   .            (no ring)
SInv    .            (no ring)
Will    .....        (no ring)
Stlth   +++          (no ring)
HPRegen 0.26/turn    (no ring)
MPRegen 0.12/turn    (no ring)
                     (no ring)

%: no passive effects
@: very slightly contaminated
A: almost no armour, amphibious, 8 rings, camouflage 1, gelatinous body 1,
(nimble swimmer 1), tentacles
a: no special abilities


You were on level 4 of the Dungeon.
You visited 1 branch of the dungeon, and saw 4 of its levels.

You collected 247 gold pieces.

Inventory:

Armour
 b - an orb of light
Jewellery
 c - an amulet of faith
Wands
 k - a wand of flame (15)
Scrolls
 d - a scroll of teleportation {unknown}
 e - 2 scrolls of identify {unknown}
 f - 2 scrolls of revelation
 g - 2 scrolls of vulnerability {unknown}
 h - a scroll of blinking {unknown}
Potions
 a - a potion of ambrosia
 i - a potion of magic {unknown}
 j - a potion of enlightenment {unknown}
 l - a potion of cancellation {unknown}


   Skills:
 - Level 3.0 Fighting
 - Level 3.0 Dodging
 - Level 3.0 Stealth
 - Level 3.0 Unarmed Combat
 - Level 4.1 Spellcasting
 + Level 1.2 Fire Magic


You had 10 spell levels left.
You knew the following spells:

 Your Spells              Type           Power      Damage    Failure   Level
a - Scorch                Fire           12%        2d5       19%         2

Your spell library contained the following spells:

 Spells                   Type           Power      Damage    Failure   Level
 Fugue of the Fallen      Necr           2%         N/A       50%         3
 Ozocubu's Armour         Ice            2%         N/A       50%         3
 Flame Wave               Conj/Fire      4%         2d5       83%         4
 Manifold Assault         Tloc           2%         N/A       88%         4
 Summon Forest            Summ/Tloc      1%         N/A       99%         5
 Eringya's Noxious Bog    Alch           1%         4d6       100%        6
 Summon Cactus Giant      Summ           1%         N/A       100%        6
 Summon Hydra             Summ           1%         N/A       100%        7


Dungeon Overview and Level Annotations

Branches:
Dungeon (4/15)
 Temple: D:4-7

Altars:

Annotations:
D:4 Duvessa


Innate Abilities, Weirdness & Mutations

You cannot wear most types of armour.
You are amphibious.
You can wear up to eight rings at the same time.
Your skin changes colour to match your surroundings (Stealth+).
Your rubbery body absorbs attacks. (AC +1, EV +1)
((You are camouflaged when in or above water. (Stealth+)))
You have tentacles for arms and can constrict up to eight enemies at once.


Message History

Casting: Scorch (safe; 19% risk of failure)
Confirm with . or Enter, or press ? or * to list all spells.
Okay, then.
Casting: Scorch (safe; 19% risk of failure)
Confirm with . or Enter, or press ? or * to list all spells.
You can't see any susceptible monsters within range! (Use Z to cast anyway.) Unknown command.
Casting: Scorch (safe; 19% risk of failure)
Confirm with . or Enter, or press ? or * to list all spells.
You can't see any susceptible monsters within range! (Use Z to cast anyway.) Unknown command.
Casting: Scorch (safe; 19% risk of failure)
Confirm with . or Enter, or press ? or * to list all spells.
Flames lash the ogre.
The ogre is moderately wounded.
The ogre's fire resistance burns away.
Casting: Scorch (safe; 19% risk of failure)
Confirm with . or Enter, or press ? or * to list all spells.
You miscast Scorch.
You are very lightly contaminated with residual magic.
Nothing appears to happen.
You tentacle-slap the ogre but do no damage.
The ogre is lightly wounded.
The ogre hits you with a +0 giant spiked club!
You tentacle-slap the ogre.
The ogre is moderately wounded.
You tentacle-slap the ogre but do no damage.
The ogre is moderately wounded.
The ogre is no longer more vulnerable to fire.
The ogre closely misses you.
You tentacle-slap the ogre.
The ogre is moderately wounded.
The ogre hits you with a +0 giant spiked club!
* * * LOW HITPOINT WARNING * * *
You tentacle-slap the ogre.
The ogre is moderately wounded.
You barely miss the ogre. You squeeze the ogre.
The ogre is heavily wounded.
The ogre hits you with a +0 giant spiked club!
You die...

#o.o....##.#######.########
#.......##....##...O.
#.......##O##...O####
#[.........#######
#.......#### #.......#
#.......# #...O)..#
#รท..@...# #########


You could see an ogre.

Vanquished Creatures
  A hound (D:4)
  An orc priest (D:4)
  2 orc wizards (D:4)
  2 adders (D:3)
  2 dart slugs
  2 ribbon worms
  6 orcs
  4 endoplasms
  5 giant cockroaches
  2 goblins
  11 hobgoblins
  2 quokkas (D:2)
  5 ball pythons
  3 bats
  8 frilled lizards
  6 kobolds
  3 rats
65 creatures vanquished.

Notes
Turn   | Place    | Note
-------+----------+-------------------------------------------
     0 | D:1      | Maxmaps the Octopode Monk began the quest for the Orb.
     0 | D:1      | Reached XP level 1. HP: 16/16 MP: 1/1
    48 | D:1      | Reached skill level 1 in Stealth
   110 | D:1      | Reached XP level 2. HP: 18/21 MP: 2/2
   408 | D:1      | Found a faded altar of an unknown god.
   631 | D:2      | Learned a level 2 spell: Scorch
   654 | D:2      | Reached skill level 1 in Spellcasting
   775 | D:2      | Reached XP level 3. HP: 24/26 MP: 4/4
  1339 | D:3      | Reached skill level 2 in Spellcasting
  1506 | D:3      | Identified the +0 pair of gloves of the Sun {Rampage Dex+2}
  1783 | D:3      | Reached XP level 4. HP: 31/31 MP: 7/7
  2293 | D:3      | Reached skill level 3 in Spellcasting
  2372 | D:4      | Reached XP level 5. HP: 26/36 MP: 8/10
  2540 | D:4      | Reached skill level 4 in Spellcasting
  2551 | D:4      | Noticed Duvessa
  2555 | D:4      | Reached skill level 1 in Fire Magic
  2555 | D:4      | Noticed an ogre
  2607 | D:4      | Mangled by an ogre

Illustrated notes

Levels and vault maps discovered:
D:1:      nicolae_arrival_washed_ashore, layout_basic,
          shapermc_ecumenical_altar_petra
D:2:      layout_basic
D:3:      layout_basic
D:4:      layout_rooms, uniq_duvessa, uniq_crazy_yiuf_cottage

Skill      XL: |  1  2  3  4  5 |
---------------+----------------+-----
Stealth        | 2 3 |  3.0
Spellcasting   | 1 2 3 4 |  4.1
Fire Magic     | 1 |  1.2
Fighting       | |  3.0
Dodging        | |  3.0
Unarmed Combat | |  3.0

Action                     |  1- 3 |  4- 6 || total
---------------------------+-------+-------++-------
  Melee: Unarmed           |    71 |    52 ||   123
         Constrict         |    26 |    15 ||    41
         Tentacles         |    16 |    14 ||    30
         Punch             |       |     1 ||     1
   Cast: Scorch            |       |     1 ||     1
    Use: Scroll            |     1 |       ||     1
   Stab: Sleeping          |     9 |     3 ||    12
         Distracted        |     1 |       ||     1
 Armour: Skin              |    21 |    28 ||    49
  Dodge: Dodged            |    32 |    25 ||    57

Table legend: (Time is in decaauts)
 A = Elapsed time spent in this place.
 B = Non-inter-level travel time spent in this place.
 C = Inter-level travel time spent in this place.
 D = Time resting spent in this place.
 E = Time spent auto-exploring this place.
 F = Levels seen in this place.
 G = Mean time per level.
                   A        B        C        D        E       F      G
               +--------+--------+--------+--------+--------+-----+--------+
         Total |   2601 |   2538 |     63 |    107 |   1971 |   4 |  650.2 |
       Dungeon |   2601 |   2538 |     63 |    107 |   1971 |   4 |  650.2 |
               +--------+--------+--------+--------+--------+-----+--------+

Top non-repeatable levels by time:
     D:3: 1022 daAuts
     D:2: 794 daAuts
     D:1: 518 daAuts
     D:4: 266 daAuts
